Unix NetHack Version 3.7.0-89 Work-in-progress - last build Sep 24 2023 19:26:52 (48e034876007844a536bf88644040a71d2893410,branch:master). Game began 2023-09-27 18:06:53, ended 2023-09-27 18:44:10. spontiff, neutral male gnomish Healer --------- --------- |[......| |.......-# --------------- |......!| |.......|# |.....<.......| |......+| |.......|# |.............| |.......| |.......|# #..............| -------|- |.......|# #--|-|---------- ##### --|------# # # # # # # # #### # # ## ############## # ###### ########## # #------------### # # ###### #### ## #.F......F.F-######### 0## -|---------.---- #------ #####|.x......Fk|######### ########## |..............| #|._...## #|@:h......:|# ####-.---|-####--|----- |..............| ##.....| #|:W..k..dh.-# #-.....| #-......| |..............| ##|.....######|.b.x..bh..|# |.....-### |......| |>..............####*|....| ----------- ########-.....| # |......| ---------------- ------ |.....| ##.......| ------- |......| -------- Spontiff the Rhizotomist St:11 Dx:9 Co:13 In:11 Wi:18 Ch:16 Neutral S:150 Dlvl:3 $:1005 HP:0(28) Pw:1(6) AC:2 Xp:1/0 T:1674 Hungry Latest messages: The statue moves! You swap places with your large dog. You see here a statue of a water nymph. The statue comes to life! The large dog misses it. What do you want to zap? [fuwxS or ?*] S In what direction? y The sleep ray hits the water nymph. The large dog bites it. The large dog bites the water nymph. The large dog picks up a yellow mold corpse. The large dog bites the water nymph. The water nymph is killed! You have a little trouble lifting a potion called golden 150z. Continue? [ynq] (q) n What do you want to zap? [fuwxS or ?*] Never mind. The large dog bites the barrow wight. The barrow wight swings her long sword at the large dog. The barrow wight hits the large dog. The large dog becomes weaker! The barrow wight misses the large dog. The barrow wight touches the large dog. The large dog is covered in frost! What do you want to use or apply? [bfkosuwxzSYZ or ?*] s In what direction? u Status of the barrow wight (chaotic, medium): Level 3 HP 9(18) AC 5, fast. The large dog bites it. It swings its long sword at the large dog. It misses the large dog. It hits the large dog. It misses the large dog. A grid bug suddenly appears close by! In what direction? l The large dog looks better. The grid bug looks better. The large dog eats a water nymph corpse. You are beginning to feel hungry. You see here a statue of a kobold. You see here a statue of an acid blob. You see here a statue of a gecko. The barrow wight swings her long sword. The barrow wight misses! The barrow wight points all around, then curses. The barrow wight hits! The barrow wight misses! The barrow wight swings her long sword. The barrow wight hits! Goodbye level 1. Do you want your possessions identified? [ynq] (y) y Do you want to see the dungeon overview? [ynq] (y) y Inventory: Coins $ - 1005 gold pieces Amulets A - an uncursed amulet of reflection (being worn) Weapons W - an uncursed +0 dart Armor h - an uncursed +0 orcish helm (being worn) g - an uncursed +1 pair of leather gloves (being worn) Q - a blessed +1 mummy wrapping q - an uncursed +0 robe (being worn) d - an uncursed +1 leather armor (being worn) Comestibles y - 7 uncursed apples n - 2 uncursed food rations p - an uncursed tripe ration Scrolls P - a blessed scroll of blank paper I - 2 uncursed scrolls of identify v - an uncursed scroll of magic mapping Spellbooks z - an uncursed spellbook of detect monsters b - a blessed spellbook of healing Potions D - an uncursed potion of booze c - 3 uncursed potions of extra healing J - an uncursed potion of fruit juice K - an uncursed potion of full healing M - an uncursed potion of water Rings R - an uncursed ring of sustain ability Wands u - an uncursed wand of light (0:14) S - an uncursed wand of sleep (0:6) w - an uncursed wand of speed monster (0:8) f - an uncursed wand of speed monster (0:4) x - an uncursed wand of striking (0:5) Tools Y - an uncursed bag of tricks (0:2) Z - an uncursed bag of tricks (0:0) k - an uncursed skeleton key s - an uncursed stethoscope o - an uncursed tin whistle Gems/Stones E - an uncursed topaz stone r - 2 uncursed worthless pieces of orange glass a - 2 uncursed worthless pieces of red glass Spontiff the Healer's attributes: Background: You were a Rhizotomist, a level 1 male gnomish Healer. You were neutral, on a mission for Hermes who was opposed by Athena (lawful) and Poseidon (chaotic). You were in the Dungeons of Doom, on level 3. You entered the dungeon 1674 turns ago. You had 0 experience points, 20 were needed to attain level 2. Your score was 150 before end-of-game adjustments. Basics: You had 0 out of 28 hit points. You had 1 out of 6 energy points (spell power). Your armor class was 2. Your wallet contained 1005 zorkmids. Autopickup was on for '$!/="?' plus thrown, with exceptions. Final Characteristics: Your strength was 11 (limit:18/50). Your dexterity was 9 (limit:18). Your constitution was 13 (limit:18). Your intelligence was 11 (limit:19). Your wisdom was 18 (limit:18). Your charisma was 16 (limit:18). Final Status: You were hungry. You were unencumbered. You were empty handed. You were unskilled in bare handed combat. Final Attributes: You were devoutly aligned. You were poison resistant. You had infravision. You were guarded. You had reflection. You were lucky. You are dead. Miscellaneous: You never encountered a bones level. Total elapsed playing time was 37 minutes and 17 seconds. Major events: Turn 1: spontiff the neutral male gnomish Healer entered the dungeon 354: entered the Gnomish Mines 1674: killed by life drainage Vanquished creatures: a water nymph a kobold mummy 2 acid blobs 2 hobbits 4 giant rats a yellow mold a green mold a red mold 3 geckos 7 jackals 2 foxes a kobold 2 goblins 2 sewer rats 10 grid bugs a bat 4 lichens a kobold zombie 7 newts 53 creatures vanquished. No species were genocided or became extinct. Voluntary challenges: You never hit with a wielded weapon. You were a pacifist. You were illiterate. You never engraved Elbereth. You never genocided any monsters. You never polymorphed an object. You never changed form. You used no wishes. Achievements: You entered the Gnomish Mines. You entered a shop. The Dungeons of Doom: levels 1 to 4 Level 1: Level 2: "iron bars" A general store, a sink. Stairs down to The Gnomish Mines. Level 3: <- You were here. A general store, an altar to Hermes. Final resting place for you, killed by life drainage. Level 4: The Gnomish Mines: Level 3: Game over: ---------- / \ / REST \ / IN \ / PEACE \ / \ | spontiff | | 1005 Au | | killed by life | | drainage | | | | | | 2023 | *| * * * | * _________)/\\_//(\/(/\)/\//\/|_)_______ Goodbye spontiff the Healer... You died in The Dungeons of Doom on dungeon level 3 with 150 points, and 1005 pieces of gold, after 1674 moves. You were level 1 with a maximum of 28 hit points when you died.